 Dungeon Crawl Stone Soup version 0.30-a0-1103-g25895a7845 (webtiles) character file.

Game seed: 11633864751583139339

198 qeuew the Trooper (level 5, -4/33 HPs)
             Began as a Gargoyle Fighter on Apr 18, 2023.
             Slain by a bullfrog (7 damage)
             ... on level 4 of the Dungeon.
             The game lasted 00:03:18 (2329 turns).

qeuew the Trooper (Gargoyle Fighter)                Turns: 2329, Time: 00:03:19

Health: -4/33      AC: 13    Str: 19    XL:     5   Next: 76%
Magic:  5/5        EV:  9    Int:  9    God:
Gold:   157        SH:  4    Dex: 11    Spells: 4/4 levels left

rFire   + . .      SeeInvis .    a - +0 flail (chaos)
rCold   . . .      Faith    .    c - +0 buckler
rNeg    + . .      Spirit   .    b - +0 scale mail
rPois   ∞          Reflect  .    (no helmet)
rElec   +          Rampage  .    (no cloak)
rCorr   .          Clarity  +    (no gloves)
Will    .....                    (no boots) Stlth
                                 (no amulet)
HPRegen 0.25/turn                g - ring of protection from fire
MPRegen 0.09/turn                (no ring)

@: unable to read
A: sickness immunity, AC +4, negative energy resistance 1, electricity
resistance, torment resistance 1, petrification resistance, hooves 1, iridescent
scales 1, clarity, inability to read after injury 1
a: no special abilities


You were on level 4 of the Dungeon.
You visited 1 branch of the dungeon, and saw 4 of its levels.

You collected 157 gold pieces.

Inventory:

Hand Weapons
 a - a +0 flail of chaos (weapon)
Armour
 b - a +0 scale mail (worn)
 c - a +0 buckler (worn)
Jewellery
 g - a ring of protection from fire (left hand)
Scrolls
 f - a scroll of magic mapping
 i - 3 scrolls of teleportation
 j - a scroll of blinking
Potions
 d - 2 potions of might
 e - a potion of mutation
 h - 2 potions of degeneration {unknown}


   Skills:
 * Level 4.3 Fighting
 * Level 3.2 Maces & Flails
 * Level 4.2 Armour
 + Level 1.1 Dodging
 * Level 4.3 Shields


You had 4 spell levels left.
You didn't know any spells.
Your spell library contained the following spells:

 Spells                   Type           Power      Damage    Failure   Level
 Call Imp                 Summ           0%         N/A       93%         2
 Poisonous Vapours        Pois/Air       0%         N/A       93%         2
 Dazzling Flash           Conj/Hex       0%         N/A       99%         3
 Ignite Poison            Fire/Tmut/Pois 0%         N/A       99%         3
 Inner Flame              Hex/Fire       0%         N/A       99%         3
 Mephitic Cloud           Conj/Pois/Air  0%         N/A       99%         3
 Agony                    Necr           0%         N/A       100%        5
 Freezing Cloud           Conj/Ice/Air   0%         6-21      100%        5
 Silence                  Hex/Air        0%         N/A       100%        5
 Summon Forest            Summ/Tloc      0%         N/A       100%        5
 Yara's Violent Unravell  Hex/Tmut       0%         3d3       100%        5
 Eringya's Noxious Bog    Tmut/Pois      0%         N/A       100%        6
 Summon Cactus Giant      Summ           0%         N/A       100%        6
 Enfeeble                 Hex            0%         N/A       100%        7
 Haunt                    Necr/Summ      0%         N/A       100%        7
 Summon Hydra             Summ           0%         N/A       100%        7


Dungeon Overview and Level Annotations

Branches:
Dungeon (4/15)
 Temple: D:4-7

Altars:
Okawaru
Ru


Innate Abilities, Weirdness & Mutations

You are immune to sickness and miasma.
Your stone body is resilient. (AC +4)
You are immune to poison.
You resist negative energy. (rN+)
You are resistant to electric shocks. (rElec)
You are resistant to unholy torment.
You are immune to petrification.
You have large cloven feet.
You are partially covered in iridescent scales. (AC +2)
You possess an exceptional clarity of mind.
You occasionally lose the ability to read scrolls when taking damage.


Message History

Reactivating autopickup.
You feel a bit more experienced.
You barely miss the orc. You kick the orc.
The orc is moderately wounded.
The orc priest calls down the wrath of Beogh upon you.
Beogh smites you!
You feel threatened and lose the ability to read scrolls!
* * * LOW HITPOINT WARNING * * *
The orc barely misses you. You block the orc's attack.
You feel better. The orc hits you but does no damage.
You hit the orc.
The orc seems to slow down.
The orc is severely wounded.
You block the orc's attack.
You closely miss the orc. You kick the orc, but do no damage.
The orc is severely wounded.
The orc priest calls down the wrath of Beogh upon you.
Beogh smites you!
* * * LOW HITPOINT WARNING * * *
You closely miss the orc. You kick the orc, but do no damage.
The orc is severely wounded.
The orc hits you but does no damage.
You hit the orc but do no damage.
The orc is severely wounded.
The orc is no longer moving slowly.
The orc closely misses you.
You hit the orc.
You kill the orc!
The orc priest begins to cast a cantrip, but forgets the words!
The orc priest hits you with a +0 war axe.
* * * LOW HITPOINT WARNING * * *
Items here: ( ))) [[ †††.
You hit the orc priest but do no damage.
Your kick misses the orc priest. The orc priest closely misses you.
You completely miss the orc priest.
You can read scrolls again.
The orc priest begins to cast a cantrip, but forgets the words!
You hit the orc priest.
The orc priest evaporates and reforms as a bullfrog!
The bullfrog barely misses you. The bullfrog hits you!
You feel threatened and lose the ability to read scrolls!
You die...

............'.........+
##.#....####.........#
#.#...## ##.......##
#.#..## ##...(.##
#....# ##...## ###.##
##+## #.# #
####.########## .#
#..........@F.##.##
#.##.#.#.####.#...## #
#.#......#...o..#
#.#......#.#...##
#.#......#.##.##
#........#.# ##
###......... ....####.#
#.... ..#


You could see a bullfrog.

Vanquished Creatures
  An orc wizard (D:4)
  Terence (D:3)
  6 adders
  A worm (D:2)
  3 dart slugs
  3 orcs
  5 ball pythons
  2 bats
  9 endoplasms
  4 giant cockroaches
  9 goblins
  11 hobgoblins
  6 jackals
  2 quokkas (D:1)
  3 frilled lizards
  6 kobolds
  6 rats
78 creatures vanquished.

Notes
Turn   | Place    | Note
-------+----------+-------------------------------------------
     0 | D:1      | qeuew the Gargoyle Fighter began the quest for the Orb.
     0 | D:1      | Reached XP level 1. HP: 14/14 MP: 1/1
    49 | D:1      | Reached XP level 2. HP: 9/19 MP: 2/2
   139 | D:1      | Got the Secrets of Amalgamated Changes
   300 | D:1      | You fall into a shaft and drop 1 floor!
   382 | D:2      | Reached XP level 3. HP: 23/23 MP: 3/3
   559 | D:2      | Found the +5 robe of Misfortune {Harm *Corrode *Slow EV+5}
   858 | D:1      | Gained mutation: You occasionally lose the ability to read
                  | scrolls when taking damage. [potion of mutation]
   858 | D:1      | Gained mutation: You have hidden genetic potential. [potion
                  | of mutation]
   858 | D:1      | Gained mutation: You have large cloven feet. [potion of
                  | mutation]
  1218 | D:2      | Reached XP level 4. HP: 9/29 MP: 4/4
  1499 | D:3      | Noticed Terence
  1503 | D:3      | Killed Terence
  1506 | D:3      | Gained mutation: You possess an exceptional clarity of
                  | mind. [hidden potential]
  1554 | D:3      | Reached XP level 5. HP: 30/33 MP: 5/5
  1630 | D:3      | Found a faded altar of an unknown god.
  1860 | D:3      | Found a sacrificial altar of Ru.
  2126 | D:4      | Gained mutation: You are partially covered in iridescent
                  | scales. (AC +2) [hidden potential]
  2126 | D:4      | Lost mutation: You have hidden genetic potential. [hidden
                  | potential expressed]
  2135 | D:4      | Found an iron altar of Okawaru.
  2241 | D:4      | Reached skill level 1 in Dodging
  2329 | D:4      | Slain by a bullfrog

Illustrated notes

Levels and vault maps discovered:
D:1:      minmay_arrival_stair_chambers, layout_basic, st_stairs_5
D:2:      layout_basic, kennysheep_generic_room_3
D:3:      layout_loops_ring, mainiacjoe_overflow_alcove_1,
          basic_ecumenical_altar, st_stairs_11, minmay_quadrilaterals,
          uniq_terence
D:4:      layout_loops_corners, kennysheep_mini_moat, overflow_temple_1_default,
          okawaru_gym_becter, serial_glass, glass_columns_a, glass_columns_a,
          feat_on_display, due_unseen_surprise, minmay_strange_pillars,
          feat_on_display, chequers_serial_rivers_small_b,
          kennysheep_generic_room_9

Skill      XL: |  1  2  3  4  5 |
---------------+----------------+-----
Armour         | 4 |  4.2
Shields        | 4 |  4.3
Maces & Flails | 3 |  3.2
Fighting       | 4 |  4.3
Dodging        | 1 |  1.1

Action                     |  1- 3 |  4- 6 || total
---------------------------+-------+-------++-------
  Melee: Flail             |   120 |   136 ||   256
         Kick              |     3 |    18 ||    21
    Use: Scroll            |     5 |     3 ||     8
         Potion            |     3 |     2 ||     5
   Stab: Paralysed         |     1 |       ||     1
 Armour: Scale mail        |   109 |   108 ||   217
  Dodge: Dodged            |    86 |    63 ||   149
  Block: Buckler           |    52 |    29 ||    81

Table legend: (Time is in decaauts)
 A = Elapsed time spent in this place.
 B = Non-inter-level travel time spent in this place.
 C = Inter-level travel time spent in this place.
 D = Time resting spent in this place.
 E = Time spent auto-exploring this place.
 F = Levels seen in this place.
 G = Mean time per level.
                   A        B        C        D        E       F      G
               +--------+--------+--------+--------+--------+-----+--------+
         Total |   2394 |   2277 |    117 |      0 |   1717 |   4 |  598.5 |
       Dungeon |   2394 |   2277 |    117 |      0 |   1717 |   4 |  598.5 |
               +--------+--------+--------+--------+--------+-----+--------+

Top non-repeatable levels by time:
     D:3: 767 daAuts
     D:2: 730 daAuts
     D:1: 582 daAuts
     D:4: 313 daAuts
